Map: Through the Darkness

Players

Tesla - Winner!

  • Race: Protoss Protoss

PvP

  • Race: Protoss Protoss
  • League: Master

VOD

Have the link to the VOD?

Description

Time

  • Played on: Oct. 8, 2016, 1:39 p.m.
  • Length: 9:42
Show
View Real Time Build Order
Export as new Build Order

Tesla Protoss - Winner!

Build Orders:  

Get SALT Encoding   

  12  0:01  Probe (Chrono Boost)  
  13  0:11  Probe (Chrono Boost)  
  14  0:20  Pylon  
  14  0:22  Probe (Chrono Boost)  
  15  0:38  Probe (Chrono Boost)  
  15  0:42  Gateway  
  16  0:49  Probe (Chrono Boost)  
  17  0:50  Assimilator  
  17  0:59  Probe (Chrono Boost)  
  17  1:03  Gateway  
  18  1:09  Pylon  
  18  1:10  Probe (Chrono Boost)  
  19  1:20  Probe (Chrono Boost)  
  20  1:31  Probe (Chrono Boost)  
  21  1:37  Cybernetics Core  
  21  1:41  Probe (Chrono Boost)  
  22  1:52  Probe (Chrono Boost)  
  23  1:58  Nexus  
  23  2:02  Probe (Chrono Boost)  
  23  2:06  Assimilator  
  24  2:10  Warp Gate  
  25  2:18  Mothership Core (Chrono Boost)  
  26  2:27  Adept  
  28  2:34  Pylon  
  28  2:40  Gateway  
  28  2:42  Pylon  
  27  2:49  Probe (Chrono Boost)  
  28  2:53  Stalker  
  30  2:59  Stalker  
  32  3:07  Probe (Chrono Boost)  
  33  3:23  Gateway  
  33  3:26  Pylon  
  35  3:28  Probe x2 (Chrono Boost)  
  35  3:30  Stalker  
  35  3:37  Stalker  
  39  3:56  Stalker  
  41  4:03  Stalker  
  38  4:24  Probe (Chrono Boost)  
  40  4:39  Probe x2 (Chrono Boost)  
  40  4:40  Pylon  
  40  4:42  Robotics Facility  
  40  4:45  Gateway  
  40  4:46  Gateway  
  40  4:47  Stalker  
  40  4:48  Stalker  
  40  4:51  Probe (Chrono Boost)  
  45  5:05  Probe x2 (Chrono Boost)  
  47  5:12  Stalker x2  
  49  5:17  Stalker  
  49  5:20  Probe x2 (Chrono Boost)  
  53  5:23  Twilight Council  
  53  5:29  Assimilator  
  53  5:33  Observer, Assimilator  
  54  5:37  Adept x2  
  54  5:40  Adept  
  60  5:45  Probe x2 (Chrono Boost)  
  60  5:49  Warp Prism  
  62  5:50  Resonating Glaives  
  62  5:55  Adept  
  66  6:09  Probe x2 (Chrono Boost)  
  68  6:18  Adept  
  68  6:24  Pylon  
  70  6:26  Pylon  
  70  6:28  Pylon  
  70  6:37  Immortal  
  70  6:44  Adept x3, Probe x2 (Chrono Boost)  
  82  6:50  Stalker  
  84  6:56  Probe x2 (Chrono Boost)  
  86  7:05  Sentry x2  
  90  7:14  Nexus  
  86  7:20  Stalker x2  
  86  7:21  Stalker  
  84  7:25  Probe (Chrono Boost)  
  85  7:36  Stalker x2  
  89  7:43  Stalker  
  91  7:49  Probe (Chrono Boost)  
  91  7:50  Probe (Chrono Boost)  
  93  7:59  Immortal  
  93  8:01  Probe (Chrono Boost)  
  93  8:02  Probe (Chrono Boost)  
  87  8:14  Stalker  
  87  8:16  Mothership Core (Chrono Boost)  
  82  8:27  Stalker x2  
  82  8:38  Stalker  
  76  8:52  Stalker x2  
  74  8:59  Adept x2  
  74  9:08  Adept  
  69  9:27  Stalker  
  69  9:28  Stalker x2  
Show
View Real Time Build Order
Export as new Build Order

PvP Protoss 

Build Orders:  

Get SALT Encoding   

  12  0:02  Probe (Chrono Boost)  
  13  0:12  Probe (Chrono Boost)  
  14  0:19  Pylon  
  14  0:23  Probe (Chrono Boost)  
  15  0:37  Probe (Chrono Boost)  
  15  0:40  Gateway  
  16  0:46  Assimilator  
  16  0:48  Probe (Chrono Boost)  
  17  0:53  Assimilator  
  17  0:58  Probe (Chrono Boost)  
  18  1:09  Probe (Chrono Boost)  
  18  1:10  Gateway  
  19  1:19  Probe (Chrono Boost)  
  20  1:27  Cybernetics Core  
  20  1:30  Probe (Chrono Boost)  
  21  1:41  Probe (Chrono Boost)  
  21  1:42  Pylon  
  22  1:51  Probe (Chrono Boost)  
  23  2:02  Probe (Chrono Boost)  
  23  2:04  Stalker x2  
  23  2:05  Warp Gate  
  28  2:16  Pylon  
  28  2:18  Mothership Core (Chrono Boost)  
  30  2:35  Stalker  
  30  2:36  Stalker  
  30  2:37  Probe (Chrono Boost)  
  35  2:51  Probe (Chrono Boost)  
  36  3:01  Probe (Chrono Boost)  
  37  3:08  Nexus  
  37  3:23  Probe (Chrono Boost)  
  37  3:25  Robotics Facility  
  38  3:34  Probe (Chrono Boost)  
  38  3:38  Pylon  
  39  3:59  Probe (Chrono Boost)  
  40  4:04  Twilight Council  
  40  4:06  Pylon  
  38  4:24  Immortal  
  34  4:26  Stalker x2  
  34  4:28  Probe (Chrono Boost)  
  34  4:31  Probe (Chrono Boost)  
  42  4:41  Probe x2 (Chrono Boost)  
  42  4:43  Gateway, Resonating Glaives  
  44  4:52  Probe (Chrono Boost)  
  46  4:53  Probe (Chrono Boost)  
  46  4:57  Stalker  
  48  5:00  Sentry  
  48  5:03  Probe (Chrono Boost)  
  48  5:05  Probe (Chrono Boost)  
  52  5:14  Probe (Chrono Boost)  
  53  5:15  Observer  
  53  5:17  Pylon, Probe (Chrono Boost)  
  55  5:24  Sentry x2, Probe (Chrono Boost)  
  55  5:25  Forge  
  61  5:29  Probe (Chrono Boost)  
  61  5:33  Assimilator  
  61  5:35  Probe (Chrono Boost)  
  62  5:39  Assimilator  
  62  5:41  Probe (Chrono Boost)  
  63  5:43  Pylon  
  63  5:45  Pylon, Probe (Chrono Boost)  
  63  5:48  Warp Prism  
  68  5:51  Protoss Ground Weapons Level 1  
  68  5:53  Probe (Chrono Boost)  
  68  5:54  Sentry  
  68  5:56  Probe (Chrono Boost)  
  71  6:05  Probe (Chrono Boost)  
  71  6:06  Probe (Chrono Boost)  
  72  6:15  Gateway  
  72  6:16  Gateway  
  72  6:17  Probe (Chrono Boost)  
  74  6:19  Gateway, Probe (Chrono Boost)  
  74  6:29  Robotics Bay  
  74  6:41  Probe (Chrono Boost)  
  74  6:42  Probe (Chrono Boost)  
  76  6:52  Probe (Chrono Boost)  
  78  6:54  Nexus, Probe (Chrono Boost)  
  78  6:58  Pylon  
  78  7:00  Adept  
  78  7:01  Adept  
  82  7:03  Probe (Chrono Boost)  
  82  7:06  Probe (Chrono Boost)  
  84  7:13  Probe (Chrono Boost)  
  85  7:19  Adept x4  
  93  7:26  Pylon  
  93  7:29  Pylon  
  93  7:31  Pylon  
  93  7:36  Probe (Chrono Boost)  
  94  7:39  Gravitic Drive  
  94  7:42  Pylon  
  94  7:44  Disruptor  
  94  7:47  Robotics Facility  
  94  7:48  Pylon  
  94  7:49  Pylon  
  97  7:54  Probe x2 (Chrono Boost)  
  97  7:56  Pylon  
  97  7:57  Pylon  
  99  8:00  Sentry x2  
  99  8:01  Sentry x2  
  95  8:17  Adept  
  95  8:18  Adept  
  82  8:28  Adept x4  
  68  8:51  Stalker x3  
  67  9:01  Probe (Chrono Boost)  
  61  9:05  Sentry  
  37  9:30  Stalker x2  
Tags
 
Add a new tag
Caveats
  • Supply blocks, unpowered buildings, or Contaminate may cause inaccurate times.
  • Supply counts are checked every 10 seconds.